 Dungeon Crawl Stone Soup version 0.28.0-53-g5a82cb258f (webtiles) character file.

Game seed: 16571329116202264941

35663 Revguard the Contemplative (level 13, -2/107 HPs)
             Began as a Demonspawn Gladiator on July 7, 2022.
             Was a Priest of Cheibriados.
             Slain by a vault guard
             ... wielding a +0 great mace
              (18 damage)
             ... on level 14 of the Dungeon.
             The game lasted 00:45:21 (17280 turns).

Revguard the Contemplative (Demonspawn Gladiator)  Turns: 17280, Time: 00:45:21

Health: -2/107     AC: 11    Str: 25    XL:     13   Next: 48%
Magic:  2/25       EV: 17    Int: 32    God:    Cheibriados [***...]
Gold:   183        SH:  0    Dex: 25    Spells: 21/29 levels left

rFire   . . .      SeeInvis .   r - +3 great sword (freeze)
rCold   . . .      Faith    .   (shield currently unavailable)
rNeg    + . .      Spirit   .   q - +5 ring mail of Impatience {Will- Int+5}
rPois   .          Reflect  .   (helmet restricted)
rElec   .          Harm     .   (no cloak)
rCorr   .          Rampage  .   (no gloves)
Will    .....      Rage     1%  (no boots)
Stlth   +.........              (no amulet)
HPRegen 0.27/turn               e - ring of positive energy
MPRegen 0.19/turn               b - +6 ring of intelligence

@: very slow
A: ignite blood 2, spiny 2, big brain 2, weakness stinger 2, antennae 1, agile
1, berserk 1, robust 1
a: Renounce Religion, Bend Time, Temporal Distortion


You were on level 14 of the Dungeon.
You worshipped Cheibriados.
Cheibriados was most pleased with you.
You visited 1 branch of the dungeon, and saw 14 of its levels.

You collected 677 gold pieces.
You spent 494 gold pieces at shops.

Inventory:

Hand Weapons
 r - a +3 great sword of freezing (weapon)
 x - a -3 demon blade
Missiles
 d - 3 throwing nets (quivered)
Armour
 q - the +5 ring mail of Impatience (worn) {Will- Int+5}
   (You found it on level 5 of the Dungeon)

   Int:       It affects your intelligence (+5).
   Will:      It decreases your willpower.
 s - +0 acid dragon scales
 A - a +0 helmet of intelligence
Jewellery
 b - a +6 ring of intelligence (right hand)
 e - a ring of positive energy (left hand)
 f - a ring of ice
 o - a +6 ring of dexterity
 z - a ring of protection from cold
 C - a ring of willpower
 D - a ring of fire
Wands
 n - a wand of iceblast (4)
 p - a wand of digging (7)
 y - a wand of paralysis (4)
 E - a wand of polymorph (3)
Scrolls
 h - a scroll of noise
 j - 5 scrolls of teleportation
 k - 4 scrolls of vulnerability
 l - 3 scrolls of amnesia
 u - 2 scrolls of silence
 B - 3 scrolls of fog
Potions
 g - 2 potions of curing
 i - 2 potions of brilliance
 m - 4 potions of might
 t - a potion of degeneration
 w - a potion of attraction
 F - a potion of ambrosia


   Skills:
 + Level 8.1 Fighting
 * Level 9.3 Long Blades
 - Level 1.7 Throwing
 + Level 7.0 Armour
 + Level 7.7 Dodging
 + Level 8.7 Spellcasting
 + Level 7.4 Hexes
 + Level 8.4 Necromancy
 + Level 9.3 Invocations
 - Level 0.8 Evocations


You had 21 spell levels left.
You knew the following spells:

 Your Spells              Type           Power      Damage    Failure   Level
a - Vampiric Draining     Necr           61%        2d10      1%          3
b - Yara's Violent Unrav  Hex/Tmut       18%        3d9       30%         5

Your spell library contained the following spells:

 Spells                   Type           Power      Damage    Failure   Level
 Animate Skeleton         Necr           100%       N/A       1%          1
 Pain                     Necr           100%       1d9       1%          1
 Tukima's Dance           Hex            57%        N/A       1%          3
 Summon Guardian Golem    Hex/Summ       37%        N/A       3%          3
 Magic Dart               Conj           52%        1d5       4%          1
 Summon Small Mammal      Summ           52%        N/A       4%          1
 Call Imp                 Summ           13%        N/A       8%          2
 Call Canine Familiar     Summ           13%        N/A       16%         3
 Gell's Gravitas          Tloc           13%        N/A       16%         3
 Ignite Poison            Fire/Tmut/Pois 13%        N/A       16%         3
 Mephitic Cloud           Conj/Pois/Air  13%        N/A       16%         3
 Teleport Other           Tloc           13%        N/A       16%         3
 Passage of Golubria      Tloc           13%        N/A       45%         4
 Freezing Cloud           Conj/Ice/Air   6%         6-21      80%         5
 Dispersal                Tloc           6%         N/A       100%        6


Dungeon Overview and Level Annotations

Branches:
Dungeon (14/15)            Temple (0/1) D:4            Lair (0/6) D:11
    Orc (0/2) D:9          Vaults (0/5) D:14

Altars:
Cheibriados
Hepliaklqana
Ru
Trog
The Shining One
Beogh

Shops:
D:1 [   D:2 [   D:4 =   D:6 !   D:8 *   D:11 !(   D:14 (


Innate Abilities, Weirdness & Mutations

Your demonic aura often causes spilled blood to erupt in flames.
You are mostly covered in sharp spines.
You have an extremely huge brain. (Int +4)
You have a tail ending in a sharp stinger.
You have a pair of small antennae on your head.
You are agile. (Dex +2)
You tend to lose your temper in combat.
You are robust. (+10% HP)


Message History

You kill the vault guard!
Cheibriados appreciates the change of pace.
You feel life coursing into your body.
Your Armour skill increases to level 7!
Casting: Vampiric Draining (safe; 1% risk of failure)
Confirm with . or Enter, or press ? or * to list all spells.
Aiming: Vampiric Draining (safe; 1% risk of failure)
Press: ? - help, Shift-Dir - straight line, f - vault guard
Aim: a vault guard, wielding a +0 great mace and wearing a +0 plate armour You draw life force from the vault guard!
You feel life coursing into your body.
The vault guard hits you with a +0 great mace.
* * * LOW HITPOINT WARNING * * *
Casting: Vampiric Draining (safe; 1% risk of failure)
Confirm with . or Enter, or press ? or * to list all spells.
Aiming: Vampiric Draining (safe; 1% risk of failure)
Press: ? - help, Shift-Dir - straight line, f/p - vault guard
Aim: a vault guard, wielding a +0 great mace and wearing a +0 plate armour (lightly wounded)
You draw life force from the vault guard!
You feel life coursing into your body.
The vault guard hits you with a +0 great mace!
* * * LOW HITPOINT WARNING * * *
Casting: Vampiric Draining (safe; 1% risk of failure)
Confirm with . or Enter, or press ? or * to list all spells.
You don't have enough magic to cast this spell.
Okay, then.
You hit the vault guard but do no damage.
The vault guard is moderately wounded.
The vault guard closely misses you.
You hit the vault guard. You freeze the vault guard.
Your tail-slap misses the vault guard.
The vault guard is moderately wounded.
The vault guard hits you with a +0 great mace!
* * * LOW HITPOINT WARNING * * *
Okay, then.
You feel better. The vault guard completely misses you.
You closely miss the vault guard.
Your tail-slap misses the vault guard.
The vault guard is moderately wounded.
The vault guard hits you with a +0 great mace!!
You die...

.......... ....
.......).. ....
....}....# #..#
.........# #..#
.........# #..#
.........# #..#
.........####..##
..........)p@...#
#........####○.##
#........# #..#
#........# #..#
#...............
#......).........
###
#..####........###
... ... #........#
... .. #........


You could see a vault guard.

Vanquished Creatures
  2 vault guards (D:14)
  2 hydras
  2 centaur warriors
  9 two-headed ogres
  2 skeletal warriors (D:12)
  Nergalle (D:11)
  A wizard (D:14)
  2 deep elf pyromancers
  An ugly thing (D:13)
  2 manticores (D:13)
  3 cyclopes
  A gargoyle (D:11)
  A kobold demonologist (D:9)
  6 slime creatures
  Prince Ribbit (D:5)
  Sigmund (D:6)
  A wyvern (D:8)
  3 wraiths
  Eustachio (D:6)
  8 yaks
  A basilisk (D:12)
  10 vampire mosquitoes
  Menkaure (D:7)
  2 acid dragons
  Duvessa (D:7)
  2 water moccasins
  8 orc warriors
  A black bear (D:6)
  6 centaurs
  2 phantoms
  2 kobold brigands (D:8)
  Blork the orc (D:6)
  4 bullfrogs
  A scorpion (D:11)
  2 water moccasin skeletons (D:5)
  Dowan (D:7)
  10 killer bees
  4 electric eels
  9 wights
  2 howler monkeys (D:11)
  5 centaur zombies
  2 bullfrog zombies (D:5)
  A bullfrog skeleton (D:5)
  A hound (D:6)
  Crazy Yiuf (D:3)
  A centaur skeleton (D:6)
  10 orc priests
  A gnoll shaman (D:7)
  5 iguanas
  Terence (D:3)
  9 orc wizards
  Ijyb (D:3)
  A killer bee zombie (D:6)
  A hound skeleton (D:4)
  2 howler monkey zombies
  Robin (D:2)
  12 gnolls
  7 adders
  2 ufetubi (D:4)
  2 worms (D:2)
  A dart slug (D:1)
  36 orcs
  5 ball pythons
  4 bats
  9 endoplasms
  5 giant cockroaches
  10 hobgoblins
  6 jackals
  4 quokkas
  4 frilled lizards
  16 goblins
  19 kobolds
  5 rats
310 creatures vanquished.

Vanquished Creatures (others)
  An adder (D:2)
  11 fungi (D:11)
  11 plants
23 creatures vanquished.

Grand Total: 333 creatures vanquished

Notes
Turn   | Place    | Note
-------+----------+-------------------------------------------
     0 | D:1      | Revguard the Demonspawn Gladiator began the quest for the
                  | Orb.
     0 | D:1      | Reached XP level 1. HP: 16/16 MP: 1/1
   460 | D:1      | Found Wathoat's Armour Emporium.
   477 | D:1      | Gained mutation: You have a small tail. [demonic ancestry]
   477 | D:1      | Reached XP level 2. HP: 16/22 MP: 2/2
   821 | D:1      | Found a faded altar of an unknown god.
   824 | D:1      | Prayed at the altar of an unknown god.
   824 | D:1      | Became a worshipper of Cheibriados the Contemplative
   824 | D:1      | Reached * piety under Cheibriados
   942 | D:1      | Reached skill level 1 in Invocations
   942 | D:1      | Gained mutation: You have an unusually large brain. (Int
                  | +2) [demonic ancestry]
   942 | D:1      | Reached XP level 3. HP: 12/27 MP: 3/3
  1247 | D:2      | Noticed Robin
  1295 | D:1      | Reached ** piety under Cheibriados
  1780 | D:2      | Gained mutation: Your demonic aura sometimes causes spilled
                  | blood to erupt in flames. [demonic ancestry]
  1780 | D:2      | Reached XP level 4. HP: 33/34 MP: 5/5
  1818 | D:2      | Reached skill level 1 in Armour
  2021 | D:2      | Reached skill level 1 in Spellcasting
  2103 | D:2      | Killed Robin
  2104 | D:2      | Reached skill level 1 in Necromancy
  2398 | D:2      | Found Neohec's Antique Armour Boutique.
  2891 | D:3      | Found a runed translucent door.
  2892 | D:3      | Noticed Crazy Yiuf
  3010 | D:3      | Noticed a phantom
  3023 | D:3      | Killed a phantom
  3024 | D:3      | Gained mutation: You are partially covered in sharp spines.
                  | [demonic ancestry]
  3024 | D:3      | Reached XP level 5. HP: 25/40 MP: 5/7
  3181 | D:3      | Reached *** piety under Cheibriados
  3335 | D:3      | Noticed Ijyb
  3344 | D:3      | Killed Ijyb
  3630 | D:3      | Noticed Terence
  3646 | D:3      | Reached XP level 6. HP: 14/46 MP: 9/9
  4130 | D:3      | Killed Terence
  4251 | D:3      | Killed Crazy Yiuf
  4535 | D:4      | Reached **** piety under Cheibriados
  4707 | D:4      | Learned a level 3 spell: Vampiric Draining
  4744 | D:4      | Found a staircase to the Ecumenical Temple.
  4762 | D:4      | Found Woisiwniguy's Jewellery Shop.
  4787 | D:5      | Entered Level 5 of the Dungeon
  4787 | D:5      | Noticed Prince Ribbit
  5109 | D:5      | Killed Prince Ribbit
  5110 | D:5      | Reached skill level 1 in Hexes
  5110 | D:5      | Gained mutation: You are mostly covered in sharp spines.
                  | [demonic ancestry]
  5110 | D:5      | Reached XP level 7. HP: 46/52 MP: 4/11
  5457 | D:5      | Gained mutation: Your spells are a little easier to cast,
                  | but a little less powerful. [potion of mutation]
  5955 | D:5      | Identified the +5 ring mail of Impatience {Will- Int+5}
  6044 | D:5      | Reached XP level 8. HP: 60/60 MP: 13/13
  6540 | D:5      | Gained mutation: You have a tail ending in a sharp stinger.
                  | [demonic ancestry]
  6540 | D:5      | Reached XP level 9. HP: 65/66 MP: 16/16
  6638 | D:6      | Noticed Eustachio
  6646 | D:6      | Killed Eustachio
  6647 | D:6      | Reached skill level 5 in Invocations
  6744 | D:6      | Reached skill level 5 in Spellcasting
  6981 | D:6      | Noticed Sigmund
  6986 | D:6      | Killed Sigmund
  7019 | D:6      | Noticed Blork the orc
  7044 | D:6      | Killed Blork the orc
  7045 | D:6      | Reached skill level 5 in Long Blades
  7138 | D:6      | Found Naushat's Distillery.
  7147 | D:6      | Reached ***** piety under Cheibriados
  7525 | D:7      | Reached skill level 5 in Dodging
  7599 | D:7      | Noticed Menkaure
  7605 | D:7      | Killed Menkaure
  7606 | D:7      | Reached skill level 5 in Fighting
  7738 | D:7      | Noticed Duvessa
  7738 | D:7      | Noticed Dowan
  7745 | D:7      | Killed Dowan
  7746 | D:7      | Killed Duvessa
  8230 | D:7      | Found a sacrificial altar of Ru.
  8231 | D:7      | Found a hazy altar of Hepliaklqana.
  8232 | D:7      | Found a bloodstained altar of Trog.
  8381 | D:8      | HP: 2/68 [acid dragon/splash of acid (16)]
  8696 | D:8      | Noticed a two-headed ogre
  8703 | D:8      | Killed a two-headed ogre
  8704 | D:8      | Reached skill level 5 in Necromancy
  8704 | D:8      | Reached XP level 10. HP: 46/74 MP: 17/19
  9313 | D:8      | Noticed a deep elf pyromancer
  9319 | D:8      | Killed a deep elf pyromancer
  9492 | D:8      | Found Finlowinu's Lightly-Used Armoury.
  9501 | D:8      | Bought a -3 demon blade for 1 gold piece
  9903 | D:9      | Found a transporter.
  9908 | D:9      | Found a transporter.
  9908 | D:9      | Noticed a two-headed ogre
 10006 | D:9      | Found a staircase to the Orcish Mines.
 10437 | D:9      | Noticed a two-headed ogre
 10438 | D:9      | Noticed a two-headed ogre
 10441 | D:9      | Killed a two-headed ogre
 10451 | D:9      | Killed a two-headed ogre
 10501 | D:9      | Reached skill level 5 in Hexes
 10944 | D:9      | Reached skill level 5 in Armour
 11111 | D:9      | Identified the +7 short sword of Light {vorpal, *Rage rF+
                  | Str+4 SInv}
 11199 | D:9      | Reached XP level 11. HP: 75/81 MP: 21/21
 11217 | D:9      | Killed a two-headed ogre
 11408 | D:10     | Entered Level 10 of the Dungeon
 11556 | D:10     | Noticed a two-headed ogre
 11561 | D:10     | Killed a two-headed ogre
 12172 | D:11     | Noticed a seven-headed hydra
 12179 | D:11     | Killed a seven-headed hydra
 12392 | D:11     | Learned a level 5 spell: Yara's Violent Unravelling
 12752 | D:11     | Found Guarchumu's Distillery.
 12762 | D:11     | Bought a potion of mutation for 136 gold pieces
 12762 | D:11     | Bought a potion of heal wounds for 85 gold pieces
 12762 | D:11     | Bought 2 potions of mutation for 272 gold pieces
 12763 | D:11     | Lost mutation: Your spells are a little easier to cast, but
                  | a little less powerful. [potion of mutation]
 12763 | D:11     | Gained mutation: Your system is resistant to poisons.
                  | (rPois) [potion of mutation]
 12763 | D:11     | Gained mutation: You expend magic power (3 MP) to
                  | strengthen your wands. [potion of mutation]
 12764 | D:11     | Lost mutation: You expend magic power (3 MP) to strengthen
                  | your wands. [potion of mutation]
 12764 | D:11     | Lost mutation: Your system is resistant to poisons. (rPois)
                  | [potion of mutation]
 12764 | D:11     | Gained mutation: You have large cloven feet. [potion of
                  | mutation]
 12764 | D:11     | Gained mutation: Your spells are a little easier to cast,
                  | but a little less powerful. [potion of mutation]
 12764 | D:11     | Gained mutation: You sometimes lose the ability to read
                  | scrolls when taking damage. [potion of mutation]
 12765 | D:11     | Lost mutation: Your spells are a little easier to cast, but
                  | a little less powerful. [potion of mutation]
 12765 | D:11     | Lost mutation: You sometimes lose the ability to read
                  | scrolls when taking damage. [potion of mutation]
 12765 | D:11     | Lost mutation: You have large cloven feet. [potion of
                  | mutation]
 12765 | D:11     | Gained mutation: You are strong-willed. (Will+) [potion of
                  | mutation]
 12765 | D:11     | Gained mutation: Armour fits poorly on your strangely
                  | shaped body. [potion of mutation]
 12766 | D:11     | Lost mutation: You are strong-willed. (Will+) [potion of
                  | mutation]
 12766 | D:11     | Lost mutation: Armour fits poorly on your strangely shaped
                  | body. [potion of mutation]
 12766 | D:11     | Gained mutation: You have a pair of small antennae on your
                  | head. [potion of mutation]
 12766 | D:11     | Gained mutation: You are agile. (Dex +2) [potion of
                  | mutation]
 12766 | D:11     | Gained mutation: You tend to lose your temper in combat.
                  | [potion of mutation]
 12766 | D:11     | Gained mutation: You are robust. (+10% HP) [potion of
                  | mutation]
 12768 | D:11     | Gained mutation: Your demonic aura often causes spilled
                  | blood to erupt in flames. [demonic ancestry]
 12768 | D:11     | Reached XP level 12. HP: 95/100 MP: 22/24
 12878 | D:11     | Found Qedaunam's Antique Weapon Emporium.
 12928 | D:11     | You fall into a shaft and drop 2 floors!
 13019 | D:13     | Noticed an eight-headed hydra
 13025 | D:13     | Killed an eight-headed hydra
 14067 | D:12     | Noticed a two-headed ogre
 14071 | D:12     | Killed a two-headed ogre
 14072 | D:12     | Gained mutation: You have an extremely huge brain. (Int +4)
                  | [demonic ancestry]
 14072 | D:12     | Reached XP level 13. HP: 104/106 MP: 25/25
 15404 | D:11     | Found a staircase to the Lair.
 15577 | D:11     | Noticed Nergalle
 15581 | D:11     | Killed Nergalle
 15861 | D:12     | HP: 4/107 [skeletal warrior/+0 hand axe[a skeletal warrior]
                  | (22)]
 17036 | D:14     | Found Ecucet's Antique Weapon Shop.
 17047 | D:14     | Found a gate to the Vaults.
 17278 | D:14     | HP: 4/107 [vault guard/+0 great mace (14)]
 17280 | D:14     | Slain by a vault guard

Illustrated notes

Levels and vault maps discovered:
D:1:      lightli_arrival_chessboard, layout_basic, serial_shops,
          nicolae_square_shop, hellmonk_ecumenical_altar_defaced_shrine,
          hex_large, minmay_cupped
D:2:      layout_rooms, serial_shops, nicolae_shop_overgrown_old_shop,
          uniq_robin
D:3:      kb_forest_paths, layout_loops_corners, minmay_misc_feat_pillars,
          minmay_misc_feat_doors, due_unseen_surprise, uniq_terence,
          uniq_crazy_yiuf_cottage, uniq_natasha, uniq_ijyb
D:4:      layout_basic, minmay_temple_entry_enclosed_plants, serial_shops,
          nicolae_shop_behind_doors
D:5:      layout_loops_cross, uniq_prince_ribbit1
D:6:      layout_loops_ring, serial_shops, nicolae_shop_trees,
          uniq_blork_the_orc, uniq_eustachio, uniq_sigmund
D:7:      layout_basic, mainiacjoe_overflow_alcove_3, uniq_duvessa,
          uniq_menkaure
D:8:      layout_gridville, enter_bailey_5, minmay_shop_damaged
D:9:      gammafunk_beogh_shrine, layout_basic, david_orc_3, nrook_pool_corridor
D:10:     layout_irregular_city, corexii_corridor_pit
D:11:     layout_layer_cave, grunt_lair_entry_orc_guard_hut, serial_shops,
          nicolae_shop_stone, nicolae_stop_n_shop_1,
          nicolae_straight_to_the_point, uniq_nergalle
D:12:     layout_small_grid
D:13:     layout_small_grid
D:14:     layout_small_grid, erik_vaults_2, minivault_14, serial_shops,
          nicolae_shop_temple_entry_statues_fountains,
          nicolae_shop_behind_doors, shop_fountains, lightli_minifort,
          uniq_kirke

Skill      XL: |  1  2  3  4  5  6  7  8  9 10 11 12 13 |
---------------+----------------------------------------+-----
Invocations    | 1 2 3 4 6 7 8 9 |  9.3
Dodging        | 3 4 5 6 7 |  7.7
Long Blades    | 3 4 5 6 8 9 |  9.3
Armour         | 1 2 3 4 5 6 7 |  7.0
Spellcasting   | 1 2 3 4 6 7 8 |  8.7
Necromancy     | 1 2 3 5 7 8 |  8.4
Fighting       | 3 4 5 6 7 8 |  8.1
Hexes          | 1 2 4 5 6 7 |  7.4
Throwing       | |  1.7
Evocations     | |  0.8

Action                   |  1- 3 |  4- 6 |  7- 9 | 10-12 | 13-15 || total
-------------------------+-------+-------+-------+-------+-------++-------
Melee: Long sword        |    95 |   111 |    92 |       |       ||   298
       Punch             |     2 |     4 |     2 |       |       ||     8
       Tailslap          |     8 |    14 |    20 |    17 |    15 ||    74
       Great sword       |       |       |    34 |   124 |    77 ||   235
Throw: Throwing net      |       |     3 |       |     3 |       ||     6
 Cast: Vampiric Draining |       |       |     8 |    11 |    17 ||    36
Invok: Slouch            |       |     1 |     2 |     6 |     1 ||    10
       Temporal Distorti |       |       |       |     1 |     4 ||     5
       Bend Time         |       |       |       |       |     2 ||     2
Evoke: Wand              |       |     3 |     1 |    13 |     3 ||    20
  Use: Potion            |     1 |     1 |     4 |     9 |     6 ||    21
       Scroll            |       |     7 |    10 |     6 |     2 ||    25
 Stab: Invisible         |     5 |       |       |       |       ||     5
       Sleeping          |       |     2 |       |     1 |     1 ||     4
       Held in net/web   |       |     2 |       |       |       ||     2
Armor: Leather armour    |    39 |    23 |       |       |       ||    62
       Scale mail        |       |    14 |     7 |       |       ||    21
       Ring mail         |       |       |    58 |    97 |    20 ||   175
Dodge: Dodged            |   117 |    99 |   146 |   223 |   102 ||   687
